 Dungeon Crawl Stone Soup version 0.21-a0-504-g2eda330 (webtiles) character file.

8760 sagitran the Frost Mage (level 11, -1/105 HPs)
             Began as a Barachi Ice Elementalist on Nov 25, 2017.
             Was a High Priest of Cheibriados.
             Slain by a wolf (6 damage)
             ... on level 3 of the Lair of Beasts on Nov 26, 2017.
             The game lasted 01:38:33 (11939 turns).

sagitran the Frost Mage (Barachi Ice Elementalist) Turns: 11939, Time: 01:38:34

Health: -1/105     AC: 25    Str: 22    XL:     11   Next: 35%
Magic:  1/24       EV:  2    Int: 33    God:    Cheibriados [*****.]
Gold:   546        SH:  0    Dex: 24    Spells: 9/29 levels left

rFire    + + .     SeeInvis .   k - +0 long sword
rCold    . . .     Gourm    .   (no shield)
rNeg     + + +     Faith    .   (armour currently unavailable)
rPois    +         Spirit   .   (helmet currently unavailable)
rElec    +         Reflect  .   (cloak currently unavailable)
rCorr    +         Harm     .   (gloves currently unavailable)
MR       +....     NoTele   +   (boots currently unavailable)
Stlth    ++++......             (no amulet)
HPRegen  0.27/turn              a - ring of stealth
MPRegen  0.19/turn              T - ring of fire

@: brilliant, tree-form, resistant, can't hop, very slow
A: +LOS, swims, frail 1, magic resistance 1
a: Bend Time, Temporal Distortion, Slouch, Step From Time, Renounce Religion


You were on level 3 of the Lair of Beasts.
You worshipped Cheibriados.
Cheibriados was extremely pleased with you.
You were not hungry.
You were a tree.
You visited 3 branches of the dungeon, and saw 12 of its levels.
You also visited: Labyrinth and Sewer.

You collected 546 gold pieces.

Inventory:

Hand Weapons
 k - a +0 long sword (weapon)
 p - a +3 short sword of flaming
 E - a +1 flail of venom
Armour
 f - a scarf of repulsion
 n - a +0 ring mail
 o - a +0 leather armour (melded)
 t - a +0 pair of boots (melded)
 A - a +0 cloak (melded)
 G - a +0 robe of fire resistance
 N - a +1 helmet of intelligence (melded)
Magical Staves
 C - an uncursed staff of energy
 F - an uncursed staff of wizardry
 K - an uncursed staff of poison
 W - an uncursed staff of fire
Jewellery
 a - a ring of stealth (left branch)
 q - an uncursed ring of poison resistance
 T - a ring of fire (right branch)
Wands
 j - a wand of polymorph (18)
 m - a wand of acid (2)
 B - a wand of paralysis (10)
 M - a wand of iceblast (13)
 Q - a wand of enslavement (23)
 R - a wand of flame (38)
Scrolls
 i - 3 scrolls of immolation
 l - 3 scrolls of blinking
 r - 2 scrolls of amnesia
 s - a scroll of enchant armour
 v - 2 scrolls of fog
 x - 5 scrolls of remove curse
 y - 3 scrolls of teleportation
 L - 3 scrolls of enchant weapon
 O - a scroll of vulnerability {unknown}
 Y - a scroll of magic mapping
Potions
 h - 3 potions of flight
 z - 3 potions of brilliance
 P - a potion of resistance
Books
 b - a book of Frost

   Spells                             Type                      Level
   a - Freeze                         Ice                          1
   b - Throw Frost                    Conjuration/Ice              2
   c - Ozocubu's Armour               Charms/Ice                   3
   d - Throw Icicle                   Conjuration/Ice              4
   e - Summon Ice Beast               Ice/Summoning                4
 w - a book of Clouds

   Spells                             Type                      Level
   a - Poisonous Vapours              Poison/Air                   2
   b - Mephitic Cloud                 Conjuration/Poison/Air       3
   c - Conjure Flame                  Conjuration/Fire             3
   d - Freezing Cloud                 Conjuration/Ice/Air          6
   e - Ring of Flames                 Charms/Fire                  7
 H - a book of Maledictions

   Spells                             Type                      Level
   a - Corona                         Hexes                        1
   b - Ensorcelled Hibernation        Hexes/Ice                    2
   c - Confuse                        Hexes                        3
   d - Tukima's Dance                 Hexes                        3
   e - Dazzling Spray                 Conjuration/Hexes            3
 I - a book of Misfortune

   Spells                             Type                      Level
   a - Confusing Touch                Hexes                        1
   b - Confuse                        Hexes                        3
   c - Gell's Gravitas                Translocation                3
   d - Petrify                        Transmutation/Earth          4
   e - Metabolic Englaciation         Hexes/Ice                    5
   f - Yara's Violent Unravelling     Hexes/Transmutation          5
 U - a book of Annihilations

   Spells                             Type                      Level
   a - Poison Arrow                   Conjuration/Poison           6
   b - Chain Lightning                Conjuration/Air              8
   c - Lehudib's Crystal Spear        Conjuration/Earth            8
   d - Glaciate                       Conjuration/Ice              9
   e - Fire Storm                     Conjuration/Fire             9
 V - a book of Air

   Spells                             Type                      Level
   a - Shock                          Conjuration/Air              1
   b - Swiftness                      Charms/Air                   2
   c - Static Discharge               Conjuration/Air              3
   d - Airstrike                      Air                          4
   e - Lightning Bolt                 Conjuration/Air              5
Miscellaneous
 g - a phial of floods (inert)
Comestibles
 c - 8 bread rations
 D - 5 meat rations


   Skills:
 + Level 4.7 Fighting
 + Level 8.0 Long Blades
   Level 1.5 Axes
 + Level 1.9 Throwing
 + Level 4.6 Armour
 + Level 5.2 Dodging
 + Level 4.3 Stealth
 + Level 9.7 Spellcasting
 + Level 5.0 Conjurations
 + Level 0.8 Charms
 + Level 2.0 Summonings
 + Level 10.1 Ice Magic
 + Level 0.4 Air Magic
 + Level 0.1 Invocations
 + Level 0.9 Evocations


You had 9 spell levels left.
You knew the following spells:

 Your Spells              Type           Power        Failure   Level  Hunger
a - Freeze                Ice            ####         1%          1    None
b - Throw Frost           Conj/Ice       ######       1%          2    None
c - Ozocubu's Armour      Chrm/Ice       ######..     1%          3    None
d - Throw Icicle          Conj/Ice       ######..     1%          4    None
e - Summon Ice Beast      Ice/Summ       ######..     1%          4    None
f - Freezing Cloud        Conj/Ice/Air   ######....   6%          6    #####..


Dungeon Overview and Level Annotations

Branches:
Dungeon (8/15)             Temple (1/1) D:4            Lair (3/6) D:8
  Swamp: Lair:2-4    Shoals: Lair:2-4     Snake: Lair:2-4    Spider: Lair:2-4

Altars:
Ashenzari
Cheibriados
Dithmenos
Fedhas
Gozag
Hepliaklqana
Nemelex Xobeh
Ru
Vehumet
Xom
Zin
The Shining One

Shops:
D:5 ?


Innate Abilities, Weirdness & Mutations

Shadows flee at your approach. (+LOS)
You can swim through water.
((You cover ground slowly.))
((You can hop short distances.))
You are frail. (-10% HP)
You are resistant to hostile enchantments. (MR+)


Message History

The wolf bites you but does no damage.
Your wolf splashes around in the water.
The wolf bites you.
* * * LOW HITPOINT WARNING * * *
Your wolf barely misses the wolf.
Your water elemental misses the wolf.
The wolf completely misses you.
Okay, then.
Casting: Freeze
Confirm with . or Enter, or press ? or * to list all spells.
Okay, then.
Casting: Freeze
Confirm with . or Enter, or press ? or * to list all spells.
Aiming: Freeze
Press: ? - help, Shift-Dir - straight line, f - wolf, p - wolf
Aim: a wolf (severely wounded)
You freeze the wolf.
You kill the wolf!
Cheibriados thoroughly appreciates the change of pace.
Your wolf misses the wolf. The wolf bites you but does no damage.
The wolf bites you.
You die...

.#. .8.# ....#
.....# ##
......###.#
...m..#.. #....#
#..h## .# #.E†♣#
h..
.....#hhh####
#...< .>..#
#8(<...##......
...
#....§.........
..
#(..#§§.......#
#...#.##§##....P
#...### ## .#
....# ....#


You could see a merfolk siren, 2 wolves, a friendly water elemental and 2
friendly wolves.

Vanquished Creatures
  A hydra (Lair:2)
  Pikel (D:5)
  Joseph (D:7)
  6 spiny frogs
  A hippogriff (Lair:3)
  Sigmund (D:4)
  Eustachio (D:5)
  Duvessa (D:7)
  4 porcupines
  A sky beast (D:5)
  2 phantoms
  A necrophage (D:6)
  3 ogres
  2 centaurs (D:5)
  2 crocodiles (Lair:1)
  5 wolves (Lair:3)
  A big kobold (Sewer)
  3 bullfrogs
  Dowan (D:7)
  3 scorpions
  4 howler monkeys
  4 crimson imps
  A centaur zombie (D:5)
  3 hounds
  A gnoll shaman (D:5)
  3 orc priests
  A jelly (D:6)
  5 orc wizards
  2 bullfrog skeletons
  2 iguanas
  4 worker ants
  A hound skeleton (D:7)
  A howler monkey zombie (D:5)
  4 gnolls (D:5)
  A river rat (Sewer)
  16 adders
  A shadow imp (D:6)
  4 oozes
  An adder zombie (D:5)
  An adder skeleton (D:7)
  4 worms
  6 leopard geckos
  31 orcs
  7 giant cockroaches
  9 hobgoblins
  15 jackals
  5 quokkas
  A ball python (D:2)
  8 bats
  7 frilled lizards
  13 goblins
  8 kobolds
  2 leopard gecko zombies
  7 rats
  A plant (D:4)
225 creatures vanquished.

Vanquished Creatures (collateral kills)
  A minotaur (Lab)
  A hydra (Lair:3)
  2 komodo dragons
  A hippogriff (Lair:1)
  A basilisk (Lair:2)
  A water moccasin (Lair:3)
  2 wolves (Lair:3)
  A centaur (D:5)
  An orc priest (D:5)
  An orc wizard (D:5)
  A worker ant (D:4)
13 creatures vanquished.

Vanquished Creatures (others)
  A fungus (Lair:3)
  A plant (D:4)
2 creatures vanquished.

Grand Total: 240 creatures vanquished

Notes
Turn   | Place    | Note
-------+----------+-------------------------------------------
     0 | D:1      | sagitran the Barachi Ice Elementalist began the quest for the Orb.
     0 | D:1      | Reached XP level 1. HP: 13/13 MP: 3/3
   124 | D:1      | Reached XP level 2. HP: 4/19 MP: 3/5
   128 | D:1      | Learned a level 2 spell: Throw Frost
   546 | D:1      | Reached skill level 4 in Ice Magic
  1093 | D:2      | Reached XP level 3. HP: 20/24 MP: 6/6
  1238 | D:2      | Learned a level 3 spell: Ozocubu's Armour
  1283 | D:2      | Found a radiant altar of Vehumet.
  1334 | D:2      | Found a faded altar of an unknown god.
  1489 | D:2      | Reached XP level 4. HP: 11/31 MP: 1/8
  1503 | D:2      | Reached skill level 1 in Axes
  1848 | D:2      | Reached skill level 1 in Fighting
  2461 | D:3      | Reached skill level 1 in Long Blades
  2461 | D:3      | Reached skill level 1 in Armour
  2461 | D:3      | Reached XP level 5. HP: 20/37 MP: 4/9
  2633 | D:3      | Found an opulent altar of Gozag.
  3110 | D:3      | Found a sparkling altar of Nemelex Xobeh.
  3205 | D:3      | Reached XP level 6. HP: 35/44 MP: 7/10
  3652 | D:4      | Found a staircase to the Ecumenical Temple.
  3663 | Temple   | Entered the Ecumenical Temple
  3674 | Temple   | Became a worshipper of Cheibriados the Contemplative
  3709 | D:4      | Learned a level 4 spell: Throw Icicle
  3839 | D:4      | Reached skill level 5 in Ice Magic
  3883 | D:4      | Reached XP level 7. HP: 34/50 MP: 0/12
  3976 | D:4      | Reached * piety under Cheibriados
  4099 | D:4      | Learned a level 4 spell: Summon Ice Beast
  4343 | D:4      | Noticed Sigmund
  4547 | D:4      | Killed Sigmund
  4911 | D:5      | Entered Level 5 of the Dungeon
  4912 | D:5      | Noticed Pikel
  5371 | D:5      | Reached XP level 8. HP: 47/57 MP: 2/14
  5796 | D:5      | Noticed Eustachio
  5821 | D:5      | Killed Eustachio
  5821 | D:5      | Reached skill level 5 in Spellcasting
  5821 | D:5      | Reached skill level 6 in Ice Magic
  5831 | D:5      | Reached ** piety under Cheibriados
  5996 | D:5      | Found a blossoming altar of Fedhas.
  6010 | D:5      | Found a sacrificial altar of Ru.
  6225 | D:5      | Found Honewab's Magic Scroll Shop.
  6312 | D:5      | Reached skill level 5 in Long Blades
  6316 | D:5      | Gained mutation: Your system is resistant to poisons. (rPois) [mutagenic meat]
  6317 | D:5      | Gained mutation: You are somewhat resistant to further mutation. [mutagenic meat]
  6639 | D:5      | Reached *** piety under Cheibriados
  6697 | D:5      | Reached XP level 9. HP: 52/64 MP: 5/18
  6834 | D:5      | Found a hazy altar of Hepliaklqana.
  6898 | D:5      | Killed Pikel
  6898 | D:5      | Reached skill level 1 in Summonings
  6898 | D:5      | Reached skill level 7 in Ice Magic
  7278 | D:6      | Found a glowing drain.
  7300 | Sewer    | Entered a sewer
  7424 | Sewer    | Found a white marble altar of Elyvilon.
  8109 | D:6      | Learned a level 6 spell: Freezing Cloud
  8120 | D:6      | Reached **** piety under Cheibriados
  8447 | D:7      | Noticed Joseph
  8541 | D:7      | Noticed Dowan
  8661 | D:7      | Noticed Duvessa
  8962 | D:7      | Killed Joseph
  8962 | D:7      | Reached skill level 1 in Throwing
  8962 | D:7      | Reached XP level 10. HP: 48/71 MP: 9/21
  8973 | D:7      | Killed Duvessa
  8978 | D:7      | Killed Dowan
  9142 | D:8      | Found a staircase to the Lair.
  9158 | Lair:1   | Entered Level 1 of the Lair of Beasts
  9316 | Lair:1   | Noticed a spiny frog
  9327 | Lair:1   | Killed a spiny frog
  9529 | Lair:1   | Noticed a spiny frog
  9543 | Lair:1   | Killed a spiny frog
  9543 | Lair:1   | Reached skill level 8 in Ice Magic
 10105 | Lair:2   | Noticed a seven-headed hydra
 10110 | Lair:2   | Killed a seven-headed hydra
 10110 | Lair:2   | Reached skill level 5 in Dodging
 10131 | Lair:2   | Noticed a spiny frog
 10135 | Lair:2   | Killed a spiny frog
 10210 | Lair:2   | Noticed a spiny frog
 10221 | Lair:2   | Killed a spiny frog
 10221 | Lair:2   | Reached skill level 9 in Ice Magic
 10263 | Lair:2   | Found a labyrinth entrance.
 10264 | Lair:2   | Noticed a spiny frog
 10268 | Lab      | Entered a labyrinth
 10899 | Lab      | Noticed a minotaur
 10913 | Lab      | Killed a minotaur
 10913 | Lab      | Reached XP level 11. HP: 7/77 MP: 11/24
 11879 | Lair:3   | Reached ***** piety under Cheibriados
 11889 | Lair:3   | Reached skill level 10 in Ice Magic
 11894 | Lair:3   | Noticed a six-headed hydra
 11900 | Lair:3   | Killed a six-headed hydra
 11900 | Lair:3   | Reached skill level 5 in Conjurations
 11936 | Lair:3   | Lost mutation: You are somewhat resistant to further mutation. [potion of mutation]
 11936 | Lair:3   | Lost mutation: Your system is resistant to poisons. (rPois) [potion of mutation]
 11936 | Lair:3   | Gained mutation: You are frail. (-10% HP) [potion of mutation]
 11936 | Lair:3   | Gained mutation: You are resistant to hostile enchantments. (MR+) [potion of mutation]
 11938 | Lair:3   | HP: 5/105 [wolf (3)]
 11939 | Lair:3   | Slain by a wolf

Vault maps used:
D:1:      minmay_arrival_four_circles, st_stairs_8
D:2:      vehumet_crystals, chequers_ecumenical_altar_island,
          kennysheep_cluttered_room, minivault_19
D:3:      nicolae_overflow_hidden_temple, first_bread, grunt_gozag_breadcrumbs
D:4:      minmay_temple_entry_grid, serial_bayou, serial_bayou_crossing,
          serial_bayou_lagoon_a, serial_bayou_lake_a, serial_bayou_pond_c,
          uniq_sigmund
D:5:      kennysheep_windowed_halls, overflow_temple_1_default,
          nicolae_ru_awakened_eye, kennysheep_little_box, serial_shops, shop,
          uniq_eustachio, uniq_pikel
D:6:      gup_sewer_entry_glass
D:7:      uniq_joseph, uniq_duvessa
D:8:      kiku_gazebo_garden_becter, lemuel_coloured_pillars_altar,
          lair_entry_dummy
Temple:   eino_temple_water
Lair:2:   lab_entry_generic
Lair:3:   elwin_shoals_entry_stream, dummy_spider_entry, grunt_megastairs_5,
          serial_bayou_shore_b
Lab:      labyrinth_mini_lab, labyrinth_skeletal_remains
Sewer:    sewer_kobolds

Skill      XL: |  1  2  3  4  5  6  7  8  9 10 11 |
---------------+----------------------------------+-----
Ice Magic      | 4 5 6 7 9 10 | 10.1
Stealth        | 2 3 4 |  4.3
Axes           | 1 |  1.5
Fighting       | 1 2 3 4 |  4.7
Long Blades    | 1 2 3 4 5 7 8 |  8.0
Armour         | 1 2 3 4 |  4.6
Spellcasting   | 3 4 6 7 9 |  9.7
Dodging        | 3 4 5 |  5.2
Conjurations   | 2 3 4 5 |  5.0
Summonings     | 1 2 |  2.0
Throwing       | 1 |  1.9
Charms         | |  0.8
Air Magic      | |  0.4
Invocations    | |  0.1
Evocations     | |  0.9

Action                   |  1- 3 |  4- 6 |  7- 9 | 10-12 || total
-------------------------+-------+-------+-------+-------++-------
Melee: Hand axe          |    59 |    16 |       |       ||    75
       Mace              |     1 |       |       |       ||     1
       Long sword        |       |   115 |   328 |    24 ||   467
       Short sword       |       |       |     9 |     3 ||    12
Throw: Javelin           |       |     2 |    11 |     3 ||    16
       Tomahawk          |       |     1 |     6 |       ||     7
       Throwing net      |       |       |     3 |     2 ||     5
 Cast: Freeze            |     6 |    30 |    65 |    52 ||   153
       Throw Frost       |    13 |    22 |    43 |    22 ||   100
       Ozocubu's Armour  |       |     1 |     8 |     1 ||    10
       Throw Icicle      |       |       |    29 |    23 ||    52
       Summon Ice Beast  |       |       |     7 |     9 ||    16
       Freezing Cloud    |       |       |       |     2 ||     2
Invok: Bend Time         |       |       |     2 |       ||     2
 Abil: Hop               |       |     1 |     2 |     3 ||     6
Evoke: Wand              |       |       |    12 |     6 ||    18
       Phial of floods   |       |       |       |     1 ||     1
       Phantom mirror    |       |       |       |     1 ||     1
  Use: Scroll            |     3 |     4 |     9 |     1 ||    17
       Potion            |       |     4 |     4 |     8 ||    16
 Stab: Sleeping          |     1 |       |     2 |     1 ||     4
       Paralysed         |       |       |    15 |     2 ||    17
  Eat: Chunk             |     3 |     8 |    13 |       ||    24
       Meat ration       |       |     1 |       |       ||     1
       Royal jelly       |       |       |     1 |     2 ||     3
       Fruit             |       |       |     4 |       ||     4
       Bread ration      |       |       |     1 |       ||     1
Armor: Robe              |    11 |       |       |       ||    11
       Leather armour    |    11 |    43 |    97 |    20 ||   171
       Skin              |       |       |       |    27 ||    27
Dodge: Dodged            |    77 |   135 |   279 |    82 ||   573
       Deflected         |       |     1 |     7 |       ||     8
       Rpst.: Long sword |       |    38 |    90 |    26 ||   154

Table legend:
 A = Spawn XP
 B = Non-spawn XP
 C = Spawn XP percentage of total XP
 D = Spawn monster count
 E = Non-spawn monster count
 F = Spawn count percentage of total count
 G = Total turns spent on level
                    A         B        C        D         E        F      G
               +---------+---------+-------+---------+---------+-------+---------
         Total |       0 |   12515 |   0.0 |       0 |     237 |   0.0 | 11939
               +---------+---------+-------+---------+---------+-------+---------
           D:1 |       0 |      29 |   0.0 |       0 |      17 |   0.0 |  1085
           D:2 |       0 |      97 |   0.0 |       0 |      28 |   0.0 |  1248
           D:3 |       0 |     206 |   0.0 |       0 |      35 |   0.0 |  1314
           D:4 |       0 |     675 |   0.0 |       0 |      25 |   0.0 |  1356
           D:5 |       0 |    2083 |   0.0 |       0 |      54 |   0.0 |  2131
           D:6 |       0 |     560 |   0.0 |       0 |      16 |   0.0 |   865
           D:7 |       0 |    1150 |   0.0 |       0 |      23 |   0.0 |   931
        Lair:1 |       0 |    2051 |   0.0 |       0 |      10 |   0.0 |   955
        Lair:2 |       0 |    2934 |   0.0 |       0 |       8 |   0.0 |   775
        Lair:3 |       0 |    1817 |   0.0 |       0 |      11 |   0.0 |   104
           Lab |       0 |     805 |   0.0 |       0 |       1 |   0.0 |   947
         Sewer |       0 |     108 |   0.0 |       0 |       9 |   0.0 |   182
               +---------+---------+-------+---------+---------+-------+---------
